 Dungeon Crawl Stone Soup version 0.25-a0-161-gb7fd73da8f (webtiles) character file.

Game seed: 7859693468731175908, levelgen mode: deterministic

2333 exegesis the Ogre Mage (level 9, 0/93 HPs)
             Began as an Ogre Fire Elementalist on Nov 21, 2019.
             Was a Priest of Makhleb.
             Slain by Harold
             ... wielding a +0 scimitar
              (21 damage)
             ... on level 7 of the Dungeon.
             The game lasted 00:23:07 (8317 turns).

exegesis the Ogre Mage (Ogre Fire Elementalist)     Turns: 8317, Time: 00:23:08

Health: 0/93       AC: 13    Str: 16    XL:     9   Next: 42%
Magic:  3/20       EV: 10    Int: 15    God:    Makhleb [***...]
Gold:   354        SH:  0    Dex: 10    Spells: 9/22 levels left

rFire    . . .     SeeInvis .   j - +2 flail (protect)
rCold    . . .     Gourm    .   (no shield)
rNeg     + . .     Faith    .   a - +0 robe
rPois    +         Spirit   .   (helmet restricted)
rElec    .         Reflect  .   F - +2 ratskin cloak {+Rats rPois rN+ Str-1 Int-1 Dex+1}
rCorr    .         Harm     .   (gloves unavailable)
MR       .....                  (boots unavailable)
Stlth    ++........             (no amulet)
HPRegen  0.25/turn              (no ring)
MPRegen  0.17/turn              (no ring)

@: marked, protection aura, very slightly contaminated
A: large, unfitting armour, tough skin 1
a: Minor Destruction, Lesser Servant of Makhleb, Renounce Religion, Evoke
Ratskin


You were on level 7 of the Dungeon.
You worshipped Makhleb.
Makhleb was most pleased with you.
You were not hungry.

You visited 1 branch of the dungeon, and saw 7 of its levels.

You collected 354 gold pieces.

Inventory:

Hand Weapons
 e - a +0 hand axe
 j - a +2 flail of protection (weapon)
 z - a +2 short sword of speed
 B - a +0 giant club
Missiles
 x - 12 javelins (quivered)
 C - 2 boomerangs of dispersal
Armour
 a - a +0 robe (worn)
 m - a +2 cloak
 F - the +2 ratskin cloak (worn) {+Rats rPois rN+ Str-1 Int-1 Dex+1}
   (You found it on level 6 of the Dungeon)

   It affects your strength (-1).
   It affects your intelligence (-1).
   It affects your dexterity (+1).
   It protects you from poison.
   It protects you from negative energy.
 G - a scarf of resistance
Jewellery
 E - an uncursed ring of fire
Scrolls
 b - 3 scrolls of identify {unknown}
 f - 4 scrolls of remove curse {unknown}
 n - 3 scrolls of fog {unknown}
 o - 6 scrolls of immolation {unknown}
 p - a scroll of amnesia {unknown}
 u - 4 scrolls of enchant weapon {unknown}
 v - a scroll of blinking {unknown}
 w - 3 scrolls of magic mapping {unknown}
 y - a scroll of fear {unknown}
 A - 2 scrolls of teleportation {unknown}
Potions
 d - a potion of flight {unknown}
 g - a potion of lignification {unknown}
 h - a potion of magic {unknown}
 i - 3 potions of curing {unknown}
 k - a potion of mutation {unknown}
 l - a potion of heal wounds
 q - a potion of berserk rage {unknown}
 r - a potion of invisibility {unknown}
 s - a potion of degeneration {unknown}
 t - 4 potions of brilliance {unknown}
 D - 2 potions of agility {unknown}
Comestibles
 c - 9 rations


   Skills:
 * Level 7.0 Fighting
 + Level 2.4 Maces & Flails
 - Level 1.7 Dodging
 - Level 1.4 Stealth
 + Level 7.4 Spellcasting
 + Level 5.2 Conjurations
 + Level 6.2 Fire Magic


You had 9 spell levels left.
You knew the following spells:

 Your Spells              Type           Power        Failure   Level  Hunger
a - Flame Tongue          Conj/Fire      ###..        1%          1    None
b - Conjure Flame         Conj/Fire      ###.....     3%          3    ##.....
c - Sticky Flame          Conj/Fire      ###.....     12%         4    ####...
d - Fireball              Conj/Fire      ###.......   32%         5    #####..

Your spell library contained the following spells:

 Spells                   Type           Power        Failure   Level  Hunger
 Throw Flame              Conj/Fire      ###...       1%          2    None
 Inner Flame              Hex/Fire       ##......     11%         3    ##.....


Dungeon Overview and Level Annotations

Branches:
Dungeon (7/15)             Temple (0/1) D:7

Altars:
Ashenzari
Cheibriados
Gozag
Makhleb
Sif Muna
Uskayaw
Zin
The Shining One

Annotations:
D:4 3 runed translucent doors, exclusion: downstairs, melvinkitnick's ghost, amateur MiFi
D:7 Harold


Innate Abilities, Weirdness & Mutations

You are too large for most types of armour.
You have tough skin. (AC +1)


Message History

Harold casts a spell at you. The mark upon you grows brighter.
You hit Harold.
Harold is severely wounded.
Harold burns!
Harold stops burning.
Harold casts a spell at you. The mark upon you grows brighter.
Casting: Flame Tongue (safe; 1% risk of failure)
Confirm with . or Enter, or press ? or * to list all spells.
Aiming: Sticky Flame (safe; 12% risk of failure)
Press: ? - help, Shift-Dir - straight line, f/p - Harold
Aim: Harold, wielding a +0 scimitar and wearing a +0 ring mail (severely wounded)
The sticky flame hits Harold but does no damage.
Harold is severely wounded.
Harold is covered in liquid flames!
Harold burns!
Harold hits you but does no damage.
You barely miss Harold.
Harold is almost dead.
Harold burns!
Harold hits you with a +0 scimitar!!
You die...

..........# #..##
..........## ##.##
#..........# ##.##
#...<......# #####.##
##.........##
##.##..#
#..........##
##.##..##
###.........##
##.##..##
#########..###.##@.##
##..#@##..##
##.@##..## ##h...##
#....# #...##..#
#....##..# #.....
#..# #....... #..#
#........ #..#


You could see Harold (burning) and a hound.

Vanquished Creatures
  Sigmund (D:5)
  Menkaure (D:6)
  Edmund (D:5)
  The ghost of Hyawatha the Sneak, an amateur VSAs (D:6)
  2 orc warriors (D:6)
  5 ice beasts
  2 ogres (D:5)
  3 centaurs
  A bullfrog (D:7)
  A howler monkey (D:4)
  2 crimson imps
  An orc priest (D:3)
  2 hounds
  4 orc wizards (D:6)
  A hell rat (D:6)
  An iguana (D:4)
  A worker ant (D:4)
  A bullfrog simulacrum (D:6)
  2 hound skeletons (D:5)
  7 adders
  4 gnolls (D:6)
  6 river rats (D:6)
  A shadow imp (D:5)
  4 white imps (D:6)
  A worker ant simulacrum (D:6)
  An ooze (D:7)
  A worm (D:6)
  4 dart slugs
  5 leopard geckos
  13 orcs
  A ball python (D:5)
  10 bats
  5 giant cockroaches
  7 hobgoblins
  6 jackals
  5 kobolds
  2 quokkas (D:7)
  2 frilled lizards
  11 goblins
  A goblin zombie (D:6)
  A hobgoblin zombie (D:6)
  A kobold skeleton (D:6)
  A kobold zombie (D:6)
  A leopard gecko zombie (D:5)
  2 orc skeletons (D:6)
  An orc zombie (D:6)
  A quokka skeleton (D:4)
  21 rats
159 creatures vanquished.

Vanquished Creatures (others)
  3 fungi (D:4)
3 creatures vanquished.

Grand Total: 162 creatures vanquished

Notes
Turn   | Place    | Note
-------+----------+-------------------------------------------
     0 | D:1      | exegesis the Ogre Fire Elementalist began the quest for the
                  | Orb.
     0 | D:1      | Reached XP level 1. HP: 16/16 MP: 3/3
   161 | D:1      | Reached XP level 2. HP: 26/26 MP: 3/5
   231 | D:1      | Reached skill level 1 in Conjurations
   816 | D:1      | Reached skill level 1 in Fighting
  1021 | D:2      | Reached XP level 3. HP: 33/33 MP: 4/6
  1146 | D:2      | Found a burning altar of Makhleb.
  1254 | D:2      | Became a worshipper of Makhleb the Destroyer
  1305 | D:2      | Reached XP level 4. HP: 30/42 MP: 3/8
  1734 | D:2      | Found a shattered altar of Ashenzari.
  2049 | D:3      | Found a glowing silver altar of Zin.
  2286 | D:3      | Reached XP level 5. HP: 40/50 MP: 2/10
  2307 | D:3      | Learned a level 3 spell: Conjure Flame
  2312 | D:3      | Learned a level 4 spell: Sticky Flame
  2560 | D:3      | Found a shimmering blue altar of Sif Muna.
  3019 | D:4      | Found a runed translucent gate.
  3019 | D:4      | Found a runed translucent gate.
  3019 | D:4      | Found a runed translucent gate.
  3019 | D:4      | Noticed melvinkitnick's ghost (amateur MiFi)
  3019 | D:4      | Noticed a big kobold
  3025 | D:4      | Identified the +3 dagger of Katosuck {elec, rElec rF+}
  3025 | D:4      | Noticed a big kobold
  3033 | D:4      | Reached * piety under Makhleb
  3383 | D:4      | Found an opulent altar of Gozag.
  3426 | D:4      | Reached XP level 6. HP: 53/59 MP: 3/11
  3758 | D:4      | Found a hide-covered altar of Uskayaw.
  3872 | D:5      | Entered Level 5 of the Dungeon
  4029 | D:5      | Noticed a sky beast
  4269 | D:5      | Noticed an ice beast
  4284 | D:5      | Killed an ice beast
  4284 | D:5      | Reached XP level 7. HP: 68/68 MP: 0/14
  4527 | D:5      | Noticed Edmund
  4553 | D:5      | Killed Edmund
  4553 | D:5      | Reached skill level 5 in Spellcasting
  4780 | D:5      | Noticed Sigmund
  4789 | D:5      | Killed Sigmund
  4789 | D:5      | Reached skill level 5 in Fire Magic
  4930 | D:5      | Reached XP level 8. HP: 79/79 MP: 9/16
  5220 | D:6      | Reached skill level 5 in Fighting
  5278 | D:6      | Found a snail-covered altar of Cheibriados.
  5380 | D:6      | Found a runed translucent gate.
  5382 | D:6      | Found a runed translucent gate.
  5382 | D:6      | Found a runed translucent gate.
  5488 | D:6      | Reached ** piety under Makhleb
  5612 | D:6      | Reached skill level 1 in Maces & Flails
  5716 | D:6      | Found a glowing golden altar of the Shining One.
  5933 | D:6      | Learned a level 5 spell: Fireball
  6063 | D:6      | Noticed Menkaure
  6073 | D:6      | Killed Menkaure
  6557 | D:6      | Reached XP level 9. HP: 89/89 MP: 4/19
  6878 | D:6      | Found the +2 ratskin cloak {+Rats rPois rN+ Str-1 Int-1
                  | Dex+1}
  7094 | D:6      | Noticed Hyawatha's ghost (amateur VSAs)
  7437 | D:6      | Reached *** piety under Makhleb
  7817 | D:6      | Killed Hyawatha's ghost
  7817 | D:6      | Reached skill level 5 in Conjurations
  8160 | D:7      | Found a staircase to the Ecumenical Temple.
  8260 | D:7      | Noticed Harold
  8317 | D:7      | Slain by Harold

Levels and vault maps discovered:
D:1:      dpeg_arrival_water_altar, layout_basic, minmay_tetromino_o4
D:2:      layout_basic, lemuel_round_altar, makhleb_heckhound_becter,
          eino_tiny_chamber
D:3:      layout_loops_cross, lemuel_blue_sif_altar, old_standard_altar,
          minmay_fountain_box
D:4:      layout_loops_cross, lemuel_round_altar, kennysheep_mini, first_ration,
          gammafunk_ghost_nasty_kobolds
D:5:      layout_cave_pools, grunt_ministairs_12, minmay_misc_feat_chi,
          grunt_decor_resistance, uniq_edmund, uniq_sigmund
D:6:      wander_guarded_unrand_ratskin, layout_cave_pods, slow_altar_1,
          nicolae_tso_besieged_by_evil, gammafunk_ghost_icy,
          serial_column_ruins, column_ruins_square_medium,
          column_ruins_corridor_straight, column_ruins_grid_1,
          column_ruins_open_small, column_ruins_open_tiny, column_ruins_grid_1,
          column_ruins_open_medium, uniq_menkaure
D:7:      layout_cave_pods, nicolae_overflow_hidden_temple,
          minmay_temple_entry_fiery, grunt_livestock, uniq_harold

Skill      XL: |  1  2  3  4  5  6  7  8  9 |
---------------+----------------------------+-----
Fire Magic     | 3 4 5 6 |  6.2
Conjurations   | 1 2 3 4 5 |  5.2
Fighting       | 1 2 3 4 6 7 |  7.0
Spellcasting   | 3 4 5 6 7 |  7.4
Maces & Flails | 1 2 |  2.4
Dodging        | |  1.7
Stealth        | |  1.4

Action                   |  1- 3 |  4- 6 |  7- 9 || total
-------------------------+-------+-------+-------++-------
Melee: Short sword       |     6 |    77 |    19 ||   102
       Dagger            |     1 |       |       ||     1
       Flail             |       |       |   126 ||   126
 Cast: Flame Tongue      |    43 |   118 |   176 ||   337
       Conjure Flame     |       |     4 |     9 ||    13
       Sticky Flame      |       |       |    10 ||    10
  Use: Potion            |       |       |     1 ||     1
 Stab: Sleeping          |     1 |       |     4 ||     5
  Eat: Chunk             |     1 |    10 |    11 ||    22
       Ration            |       |       |     1 ||     1
Armor: Robe              |     5 |    49 |    93 ||   147
Dodge: Dodged            |    14 |    80 |   110 ||   204

Table legend:
 A = Non-vault XP
 B = Vault XP
 C = Vault XP percentage of total XP
 D = Non-vault monster count
 E = Vault monster count
 F = Vault count percentage of total count
                 A         B        C        D         E       F
            +---------+---------+-------+---------+---------+-------
      Total |    1858 |    1475 |  44.3 |     112 |      47 |  29.6
            +---------+---------+-------+---------+---------+-------
        D:1 |      27 |       4 |  12.9 |      15 |       2 |  11.8
        D:2 |      48 |      40 |  45.5 |      15 |       1 |   6.2
        D:3 |     117 |       0 |   0.0 |      27 |       0 |   0.0
        D:4 |     164 |       0 |   0.0 |      12 |       0 |   0.0
        D:5 |     442 |     517 |  53.9 |      14 |       4 |  22.2
        D:6 |     910 |     914 |  50.1 |      24 |      40 |  62.5
        D:7 |     150 |       0 |   0.0 |       5 |       0 |   0.0
            +---------+---------+-------+---------+---------+-------
